 Dungeon Crawl Stone Soup version 0.25.1-2-g60ff931df9 (webtiles) character file.

Game seed: 5226236835974152681

14 DrReedTrader12 the Caller (level 2, -2/20 HPs)
             Began as a Merfolk Summoner on July 29, 2020.
             Slain by a jackal (3 damage)
             ... on level 1 of the Dungeon on July 30, 2020.
             The game lasted 00:10:08 (981 turns).

DrReedTrader12 the Caller (Merfolk Summoner)         Turns: 981, Time: 00:10:09

Health: -2/20      AC:  2    Str:  8    XL:     2   Next: 41%
Magic:  1/5        EV: 13    Int: 14    God:
Gold:   20         SH:  0    Dex: 14    Spells: 4/5 levels left

rFire    . . .     SeeInvis .   b - +0 mace
rCold    . . .     Gourm    .   (no shield)
rNeg     . . .     Faith    .   a - +0 robe
rPois    .         Spirit   .   (no helmet)
rElec    .         Reflect  .   (no cloak)
rCorr    .         Harm     .   (no gloves)
MR       .....                  (no boots)
Stlth    ++........             (no amulet)
HPRegen  0.06/turn              d - ring of flight
MPRegen  0.09/turn              (no ring)

@: no status effects
A: change form in water, swift swim, stealthy swim
a: Evoke Flight


You were on level 1 of the Dungeon.
You were hungry.

You visited 1 branch of the dungeon, and saw 1 of its levels.

You collected 20 gold pieces.

Inventory:

Hand Weapons
 b - a +0 mace (weapon)
Armour
 a - a +0 robe (worn)
Jewellery
 d - a ring of flight (left hand)
Scrolls
 g - a scroll of fear
Potions
 e - 3 potions of curing
Comestibles
 c - 3 rations
 f - 3 chunks of flesh


   Skills:
 * Level 0.7 Fighting
 * Level 3.0 Dodging
 * Level 2.5 Stealth
 * Level 2.1 Spellcasting
 + Level 4.0 Summonings


You had 4 spell levels left.
You knew the following spells:

 Your Spells              Type           Power        Failure   Level  Hunger
a - Summon Small Mammal   Summ           ##..         4%          1    #......

Your spell library contained the following spells:

 Spells                   Type           Power        Failure   Level  Hunger
 Call Imp                 Summ           ##......     7%          2    ###....
 Call Canine Familiar     Summ           ##......     13%         3    ###....
 Summon Guardian Golem    Hex/Summ       #.......     30%         3    ###....
 Summon Ice Beast         Ice/Summ       #.......     71%         4    #####..
 Summon Lightning Spire   Summ/Air       #.......     71%         4    #####..


Dungeon Overview and Level Annotations

Branches:
Dungeon (1/15)

Altars:


Message History

Casting: Summon Small Mammal (safe; 4% risk of failure)
Confirm with . or Enter, or press ? or * to list all spells.
The jackal misses you. The jackal barely misses you.
The leopard gecko barely misses your quokka.
You see here 26 stones.
The jackal closely misses you.
The leopard gecko hisses menacingly.
Your quokka bites the jackal.
The leopard gecko bites your quokka. The jackal closely misses you.
Your quokka misses the jackal.
The leopard gecko closely misses your quokka.
The jackal closely misses you. The jackal bites you.
* * * LOW HITPOINT WARNING * * *
Casting: Summon Small Mammal (safe; 4% risk of failure)
Confirm with . or Enter, or press ? or * to list all spells.
The jackal barely misses you.
Your quokka bites the jackal but does no damage.
The jackal bites you.
You die...

#.###(....)......#
.....(#######....#
...#### #.รท..#
.### #....# .
#..##....# .
#......#.# .
#..##.##.# .# ....
...##r# ..#
.....####.@# #
.#.# #h## # h ##r#
#l.# #.## #g# #.#
#.# #.#


You could see a leopard gecko, a jackal, a goblin, a friendly quokka (summoned)
and a friendly rat (summoned).

Vanquished Creatures
  A leopard gecko (D:1)
  2 jackals (D:1)
  A bat (D:1)
  A frilled lizard (D:1)
  A goblin (D:1)
  A kobold (D:1)
7 creatures vanquished.

Vanquished Creatures (collateral kills)
  A goblin (D:1)
  3 hobgoblins (D:1)
  2 jackals (D:1)
  2 kobolds (D:1)
  A bat (D:1)
  A frilled lizard (D:1)
10 creatures vanquished.

Grand Total: 17 creatures vanquished

Notes
Turn   | Place    | Note
-------+----------+-------------------------------------------
     0 | D:1      | DrReedTrader12 the Merfolk Summoner began the quest for the
                  | Orb.
     0 | D:1      | Reached XP level 1. HP: 13/13 MP: 3/3
   617 | D:1      | Reached XP level 2. HP: 14/20 MP: 3/5
   979 | D:1      | HP: 1/20 [jackal (2)]
   981 | D:1      | Slain by a jackal

Illustrated notes

Levels and vault maps discovered:
D:1:      minmay_arrival_up_and_down, layout_rooms

Skill      XL: |  1  2 |
---------------+-------+-----
Dodging        | 3 |  3.0
Fighting       | |  0.7
Stealth        | |  2.5
Spellcasting   | |  2.1
Summonings     | |  4.0

Action                   || total
-------------------------++-------
Melee: Mace              ||    42
 Cast: Summon Small Mamm ||    26
  Use: Scroll            ||     1
       Potion            ||     1
Armor: Robe              ||    30
Dodge: Dodged            ||    82
